 Dungeon Crawl Stone Soup version 0.30-b1-2-g02819fbbbe (webtiles) character file.

Game seed: 2617966257542100108

58212 InTheClouds the Severer (level 14, -9/207 HPs)
             Began as a Minotaur Berserker on Oct 23, 2023.
             Was the Champion of Trog.
             Mangled by Rupert
             ... wielding a +6 great mace of protection
              (10 damage)
             ... on level 5 of the Lair of Beasts.
             The game lasted 00:58:17 (19579 turns).

InTheClouds the Severer (Minotaur Berserker)       Turns: 19579, Time: 00:58:17

Health: -9/207     AC: 25    Str: 26    XL:     14   Next: 48%
Magic:  13/13      EV: 14    Int:  4    God:    Trog [******]
Gold:   1263       SH:  0    Dex: 14    Spells: 13/13 levels left

rFire   . . .        z - +0 battleaxe (heavy)
rCold   . . .        (shield currently unavailable)
rNeg    + + .        l - +0 plate armour
rPois   +            (helmet restricted)
rElec   .            S - scarf {repulsion}
rCorr   .            N - +2 pair of gloves
SInv    .            L - +2 pair of boots {rampage}
Will    +....        k - amulet of the acrobat Stlth
                     P - ring "Voaxiaj" {rN++ EV+5 Dex+3 Stlth-}
HPRegen 0.54/turn    v - ring of poison resistance
MPRegen 0.13/turn

%: repel missiles, acrobat, rampage
@: berserking, very quick
A: horns 2, retaliatory headbutt
a: Renounce Religion, Berserk, Trog's Hand, Brothers in Arms


You were on level 5 of the Lair of Beasts.
You worshipped Trog.
Trog was exalted by your worship.
You visited 2 branches of the dungeon, and saw 15 of its levels.

You collected 1263 gold pieces.

Inventory:

Hand Weapons
 a - a +1 hand axe
 h - a +0 flail
 r - a +2 heavy hand axe
 z - a +0 heavy battleaxe (weapon)
 D - a +0 battleaxe
 I - a +3 war axe of flaming
 O - a +2 antimagic broad axe
Missiles
 m - 75 poisoned darts (quivered)
 x - 2 throwing nets
Armour
 f - a +4 ring mail
 g - a +1 pair of boots
 l - a +0 plate armour (worn)
 u - a scarf of resistance
 L - a +2 pair of boots of rampaging (worn)
 N - a +2 pair of gloves (worn)
 Q - the +0 hat of Zila {Fly rN+ Int-4}
   (You found it on level 4 of the Lair of Beasts)

   Int:       It affects your intelligence (-4).
   rN:        It protects you from negative energy.
   Fly:       It grants you flight.
 S - a scarf of repulsion (worn)
Jewellery
 k - an amulet of the acrobat (around neck)
 q - a ring of willpower
 v - a ring of poison resistance (right hand)
 B - a ring of protection from cold
 P - the ring "Voaxiaj" (left hand) {rN++ EV+5 Dex+3 Stlth-}
   (You found it on level 4 of the Lair of Beasts)

   [ring of evasion]

   EV:        It affects your evasion (+5).
   Dex:       It affects your dexterity (+3).
   rN:        It greatly protects you from negative energy.
   Stlth:     It makes you less stealthy.
 R - a +6 ring of intelligence
Wands
 n - a wand of flame (64)
 t - a wand of mindburst (11)
 y - a wand of acid (12)
 J - a wand of polymorph (3)
Scrolls
 b - 2 scrolls of butterflies
 c - 3 scrolls of poison
 d - 6 scrolls of teleportation
 j - 4 scrolls of fog
 o - 6 scrolls of identify
 w - 3 scrolls of blinking
 C - 3 scrolls of enchant weapon
 F - a scroll of magic mapping
 G - 2 scrolls of fear
 K - 2 scrolls of amnesia
 T - 3 scrolls of enchant armour
Potions
 e - a potion of mutation
 i - 4 potions of heal wounds
 p - 13 potions of curing
 s - 3 potions of resistance
 A - 3 potions of haste
 H - 4 potions of magic
 M - 2 potions of cancellation
Miscellaneous
 E - a tin of tremorstones (2/2)


   Skills:
 + Level 16.7 Fighting
 - Level 20.0 Axes
 + Level 16.5 Armour
 - Level 2.1 Dodging


You had 13 spell levels left.
You didn't know any spells.
Your spell library was empty.

Dungeon Overview and Level Annotations

Branches:
Dungeon (10/15)            Temple (0/1) D:6            Lair (5/5) D:10
 Shoals (0/4) Lair:2        Snake (0/4) Lair:3        Slime (0/5) Lair:5
    Orc (0/2) D:10

Altars:
Ashenzari
Cheibriados
Dithmenos
Elyvilon
Fedhas
Gozag
Hepliaklqana
Kikubaaqudgha
Makhleb
Nemelex Xobeh
Okawaru
Qazlal
Ru
Sif Muna
Trog
Uskayaw
Vehumet
Wu Jian
Xom
Yredelemnul
Zin
The Shining One
Jiyva

Shops:
D:2 ?   D:3 ?   D:4 [   D:5 ?

Portals:
Hell: Lair:5

Annotations:
Lair:5 Rupert


Innate Abilities, Weirdness & Mutations

You have a pair of horns on your head.
You reflexively headbutt those who attack you in melee.


Message History

You are too injured to fight recklessly!
A red film seems to cover your vision as you go berserk!
You feel yourself moving faster!
You feel mighty!
Rupert hits you with a +6 great mace of protection!
The skyshark misses you. You furiously retaliate!
You headbutt the skyshark!! The skyshark barely misses you.
The skyshark tail-slaps you but does no damage.
The death yak closely misses you. The death yak gores you!
Rupert hits you with a +6 great mace of protection!!
* * * LOW HITPOINT WARNING * * *
You are too injured to fight recklessly!
You slice Rupert like a ripe choko!!!
Rupert is moderately wounded.
You hit the skyshark. You barely miss the death yak. You slash the death yak!
You hear an angry hiss.
Rupert completely misses you. You furiously retaliate!
You headbutt Rupert!!
The skyshark bites you but does no damage.
The skyshark tail-slaps you but does no damage. x2
You slice Rupert like a ripe choko!!!
Rupert is severely wounded.
You completely miss the skyshark. You barely miss the death yak.
You hit the death yak but do no damage. The death yak gores you.
* * * LOW HITPOINT WARNING * * *
The death yak gores you!
* * * LOW HITPOINT WARNING * * *
Rupert hits you with a +6 great mace of protection!!
* * * LOW HITPOINT WARNING * * *
You slice Rupert!!
Rupert is almost dead.
You closely miss the skyshark. You barely miss the death yak.
You hit the death yak but do no damage.
The skyshark bites you but does no damage.
The skyshark tail-slaps you!
* * * LOW HITPOINT WARNING * * *
The skyshark tail-slaps you.
* * * LOW HITPOINT WARNING * * *
The death yak completely misses you.
The death yak gores you but does no damage.
Rupert hits you with a +6 great mace of protection!
You die...

.#.####. ..####..
##.#...P....
..........###...........
........................
........................
........................
........................
...............(Y@......
...............Y@l......
........................
........................
........................
..##..........#.#......#
..###........#####...P##
.## ###.###P## ##### ##
### ### ##


You could see Rupert (berserk), 2 death yaks and a skyshark (strong).

Vanquished Creatures
  Kirke (Lair:4)
  4 hydras
  Erica (Lair:1)
  A catoblepas (Lair:5)
  3 boulder beetles
  6 death yaks
  Urug (Lair:5)
  A sixfirhy (Lair:5)
  A wizard (Lair:5)
  Pikel (D:7)
  A manticore (Lair:2)
  7 elephants
  An orange demon (Lair:5)
  6 centaur zombies (D:10)
  A torpor snail (Lair:2)
  A smoke demon (Lair:5)
  18 cane toads
  8 black mambas
  10 komodo dragons
  3 unseen horrors
  6 rime drakes
  Psyche (D:8)
  2 ice devils (Lair:5)
  A kobold demonologist (D:10)
  2 red devils (Lair:5)
  A troll (D:9)
  3 polar bears (Lair:5)
  A wind drake (Lair:2)
  2 hornets
  25 blink frogs
  Sigmund (D:5)
  A shadow (D:9)
  63 yaks
  5 wyverns
  5 hogs (Lair:4)
  4 basilisks
  2 steam dragons
  Menkaure (D:5)
  Edmund (D:4)
  2 nagas (Lair:3)
  5 hell hounds (Lair:5)
  17 water moccasins
  A swamp drake (D:10)
  2 ice beasts
  4 black bears
  3 orc warriors
  An ogre (D:4)
  2 centaurs (D:9)
  22 wolves
  3 lemures (D:7)
  16 kobold brigands
  Blork the orc (D:6)
  8 bullfrogs
  A gnoll sergeant (D:8)
  3 scorpions
  15 wights
  A vampire bat (Lair:1)
  A human zombie (D:10)
  6 orc priests
  A gnoll bouda (D:4)
  4 jellies
  4 hell rats (Lair:4)
  Ijyb (D:5)
  2 iguanas
  9 orc wizards
  Natasha (twice) (D:3)
  2 mummies (D:10)
  8 adders
  11 gnolls
  A shadow imp (D:5)
  2 ufetubi
  3 worms
  2 dart slugs
  35 orcs
  9 ball pythons
  9 bats
  6 endoplasms
  2 giant cockroaches
  8 goblins
  10 hobgoblins
  4 jackals
  4 quokkas
  A frilled lizard (D:1)
  19 kobolds
  6 rats
  9 briar patches (Lair:4)
491 creatures vanquished.

Vanquished Creatures (others)
  A human (Lair:4)
  27 fungi
  30 plants
58 creatures vanquished.

Grand Total: 549 creatures vanquished

Notes
Turn   | Place    | Note
-------+----------+-------------------------------------------
     0 | D:1      | InTheClouds the Minotaur Berserker began the quest for the
                  | Orb.
     0 | D:1      | Reached XP level 1. HP: 19/19 MP: 0/0
   104 | D:1      | Reached skill level 4 in Axes
   104 | D:1      | Reached XP level 2. HP: 23/27 MP: 1/1
   324 | D:1      | Found a faded altar of an unknown god.
   789 | D:2      | Reached XP level 3. HP: 31/33 MP: 2/2
   816 | D:2      | Found Iqoy's Magic Scroll Shoppe.
   886 | D:2      | Reached ** piety under Trog
  1178 | D:2      | Reached skill level 5 in Axes
  1178 | D:2      | Reached XP level 4. HP: 35/41 MP: 3/3
  1746 | D:3      | Found a shimmering blue altar of Sif Muna.
  1747 | D:3      | Found an ancient bone altar of Kikubaaqudgha.
  1764 | D:3      | Found a radiant altar of Vehumet.
  1876 | D:3      | Noticed Natasha
  1889 | D:3      | Killed Natasha
  2095 | D:3      | Reached XP level 5. HP: 46/47 MP: 4/4
  2266 | D:3      | Found a shimmering altar of Xom.
  2267 | D:3      | Found a hazy altar of Hepliaklqana.
  2268 | D:3      | Noticed a spectral ugly thing
  2311 | D:3      | Noticed Natasha
  2318 | D:3      | Killed Natasha
  2318 | D:3      | Reached *** piety under Trog
  2319 | D:3      | Reached skill level 6 in Axes
  2358 | D:3      | Found The Oracle's Delphic Readings.
  2391 | D:3      | Found a glowing silver altar of Zin.
  2391 | D:3      | Found a glowing golden altar of the Shining One.
  2391 | D:3      | Found a white marble altar of Elyvilon.
  3176 | D:4      | Reached skill level 5 in Fighting
  3221 | D:4      | Noticed an ogre
  3229 | D:4      | Killed an ogre
  3230 | D:4      | Reached XP level 6. HP: 39/56 MP: 5/5
  3541 | D:4      | Found Soskatior's Armour Shoppe.
  3650 | D:4      | Reached skill level 7 in Axes
  3893 | D:4      | Noticed Edmund
  3902 | D:4      | Reached XP level 7. HP: 46/62 MP: 6/6
  3912 | D:4      | Killed Edmund
  3913 | D:4      | Reached skill level 5 in Armour
  4441 | D:5      | Entered Level 5 of the Dungeon
  4532 | D:5      | Found a stormy altar of Qazlal.
  4579 | D:5      | Noticed Ijyb
  4584 | D:5      | Killed Ijyb
  4696 | D:5      | Reached skill level 8 in Axes
  5018 | D:5      | Noticed Menkaure
  5031 | D:5      | Killed Menkaure
  5227 | D:5      | Noticed Sigmund
  5248 | D:5      | Killed Sigmund
  5249 | D:5      | Reached skill level 9 in Axes
  5249 | D:5      | Reached XP level 8. HP: 59/71 MP: 7/7
  5528 | D:5      | Found Povaz's Magic Scroll Shop.
  5779 | D:6      | Found a staircase to the Ecumenical Temple.
  5809 | D:6      | Noticed Blork the orc
  5814 | D:6      | Killed Blork the orc
  6016 | D:6      | Found a burning altar of Makhleb.
  6016 | D:6      | Noticed an Executioner
  6019 | D:6      | Noticed a hellwing
  6405 | D:7      | Noticed a +0 dagger
  6405 | D:7      | Noticed a +0 spear
  6405 | D:7      | Noticed a +0 short sword
  6405 | D:7      | Noticed a +0 falchion
  6405 | D:7      | Noticed a +0 dagger
  6405 | D:7      | Noticed a +0 spear
  6407 | D:7      | Noticed a +0 short sword
  6408 | D:7      | Noticed a +0 falchion
  6409 | D:7      | Found a hide-covered altar of Uskayaw.
  6481 | D:7      | Reached skill level 10 in Axes
  6516 | D:7      | Found a bloodstained altar of Trog.
  6565 | D:7      | Noticed a hornet
  6568 | D:7      | Paralysed by a hornet for 1 turns
  6572 | D:7      | Killed a hornet
  6957 | D:7      | Reached XP level 9. HP: 79/79 MP: 8/8
  6968 | D:7      | Reached skill level 11 in Axes
  7046 | D:7      | Found a sacrificial altar of Ru.
  7048 | D:7      | Reached **** piety under Trog
  7186 | D:7      | Killed an unseen horror
  7305 | D:7      | Noticed Pikel
  7324 | D:7      | Killed Pikel
  7688 | D:8      | Reached skill level 12 in Axes
  7915 | D:8      | Noticed Psyche
  7923 | D:8      | Killed Psyche
  8077 | D:8      | Killed an unseen horror
  8078 | D:8      | Reached XP level 10. HP: 74/91 MP: 9/9
  8284 | D:8      | Reached skill level 13 in Axes
  8667 | D:9      | Reached skill level 10 in Fighting
  9048 | D:9      | Reached skill level 14 in Axes
  9048 | D:9      | Reached skill level 10 in Armour
  9226 | D:9      | Found an ornate altar of the Wu Jian Council.
  9228 | D:9      | Found a blossoming altar of Fedhas.
  9228 | D:9      | Found an opulent altar of Gozag.
  9228 | D:9      | Found a sparkling altar of Nemelex Xobeh.
  9228 | D:9      | Found an iron altar of Okawaru.
  9229 | D:9      | Found a broken altar of Ashenzari.
  9231 | D:9      | Found a shadowy altar of Dithmenos.
  9233 | D:9      | Found a snail-covered altar of Cheibriados.
 10140 | D:10     | Entered Level 10 of the Dungeon
 10240 | D:10     | Noticed an elephant
 10241 | D:10     | Found a staircase to the Lair.
 10252 | D:10     | Killed an elephant
 10256 | D:10     | Reached XP level 11. HP: 96/101 MP: 10/10
 10485 | D:10     | Identified the +1 leather armour of the Guava {rN+ Dex+3}
 10675 | D:10     | Reached ***** piety under Trog
 10690 | D:10     | Reached skill level 15 in Axes
 10713 | D:10     | Received a gift from Trog
 10893 | D:10     | Found a basalt altar of Yredelemnul.
 11217 | D:10     | Found a staircase to the Orcish Mines.
 11857 | Lair:1   | Entered Level 1 of the Lair of Beasts
 11897 | Lair:1   | Reached skill level 16 in Axes
 12120 | Lair:1   | HP: 5/104 [poisoned by a cane toad]
 12307 | Lair:1   | Noticed Erica
 12328 | Lair:1   | Killed Erica
 12329 | Lair:1   | Reached XP level 12. HP: 112/112 MP: 11/11
 12771 | Lair:1   | Reached skill level 17 in Axes
 13967 | Lair:2   | Found a staircase to the Shoals.
 14077 | Lair:2   | Noticed a four-headed hydra
 14084 | Lair:2   | Killed a one-headed hydra
 14168 | Lair:2   | Reached skill level 18 in Axes
 14275 | Lair:2   | Found a transporter.
 14279 | Lair:2   | Found a transporter.
 14281 | Lair:2   | Noticed a boulder beetle
 14383 | Lair:2   | Noticed a six-headed hydra
 14393 | Lair:2   | Killed a one-headed hydra
 14552 | Lair:2   | Killed a boulder beetle
 14605 | Lair:3   | Noticed a death yak
 14606 | Lair:3   | Noticed a death yak
 14606 | Lair:3   | Noticed a death yak
 14620 | Lair:2   | Killed a death yak
 14664 | Lair:2   | Killed a death yak
 14767 | Lair:2   | Killed a death yak
 14938 | Lair:3   | Reached XP level 13. HP: 111/123 MP: 12/12
 15043 | Lair:3   | Identified the +5 flail of the Nexus {vamp, rC+ Dex+2}
 15460 | Lair:3   | Found a staircase to the Snake Pit.
 15612 | Lair:3   | Reached skill level 19 in Axes
 16012 | Lair:4   | Noticed Kirke
 16027 | Lair:4   | Killed Kirke
 16409 | Lair:4   | Received a gift from Trog
 16740 | Lair:4   | Found a transporter.
 16994 | Lair:4   | Found a transporter.
 17062 | Lair:4   | Reached skill level 20 in Axes
 17404 | Lair:4   | Reached skill level 15 in Fighting
 17510 | Lair:4   | Identified the +0 hat of Zila {Fly rN+ Int-4}
 17832 | Lair:4   | Identified the ring "Voaxiaj" {rN++ EV+5 Dex+3 Stlth-}
 17961 | Lair:5   | Entered Level 5 of the Lair of Beasts
 17997 | Lair:5   | Noticed Urug
 18012 | Lair:5   | Killed Urug
 18013 | Lair:5   | Reached skill level 15 in Armour
 18418 | Lair:5   | Reached XP level 14. HP: 130/135 MP: 13/13
 18467 | Lair:5   | Received a gift from Trog
 18575 | Lair:5   | Reached ****** piety under Trog
 18769 | Lair:5   | Found a viscous altar of Jiyva.
 18769 | Lair:5   | Found a staircase to the Slime Pits.
 19143 | Lair:5   | Found a burning altar of Makhleb.
 19352 | Lair:5   | Found a gateway to Hell.
 19568 | Lair:5   | Noticed Rupert
 19579 | Lair:5   | HP: 7/207 [skyshark (7)]
 19579 | Lair:5   | HP: 1/207 [skyshark (6)]
 19579 | Lair:5   | Mangled by Rupert

Illustrated notes

Levels and vault maps discovered:
D:1:      lightli_arrival_isolated_outpost, layout_basic,
          shapermc_ecumenical_altar_rom_forum, kennysheep_doodads
D:2:      wad_crossroads, layout_loops_ring, serial_shops, nicolae_shop_stone
D:3:      layout_loops_ring, regret_index_temple_of_mockery,
          good_gods_mini_temple, grunt_temple_overflow_magic_moments,
          nicolae_nh_oracle_at_delphi, uniq_natasha
D:4:      layout_basic, serial_shops, nicolae_lakefront_shop, uniq_edmund
D:5:      layout_cave_pods, nicolae_qazlal_scattered_showers, serial_shops,
          nicolae_shop_rolled_up, kennysheep_generic_room_16, uniq_menkaure,
          uniq_sigmund, uniq_ijyb
D:6:      cheibrodos_quashed, layout_rooms, makhleb_altar_promises_db,
          minmay_temple_entry_ruins, uniq_blork_the_orc
D:7:      layout_loops_ring, nicolae_ru_great_annihilating_truth, trog_book,
          nicolae_uskayaw_en_pointe, uniq_pikel
D:8:      layout_loops_ring, uniq_psyche
D:9:      layout_loops_corners, minitemple
D:10:     layout_loops_ring, lemuel_mausoleum_altar_yredelemnul,
          david_lair_generic, erik_orc_1, special_room [special_room_kobold]
Lair:1:   layout_layer_cave, roderic_batcave, uniq_erica
Lair:2:   gammafunk_boulding_lane, layout_chaotic_city,
          minmay_shoals_entry_beasts, lemuel_fruit_fields, grunt_megastairs_1,
          infiniplex_staircase_pool_2
Lair:3:   layout_misc_corridors, guppyfry_snake_entry_garden,
          serial_bayou_pond_d
Lair:4:   gammafunk_worm_tunnel, layout_cave_pods, beast_lair_carwin_2,
          grunt_megastairs_2, serial_bayou_shore_b, uniq_kirke
Lair:5:   evil_forest, layout_hall_layers, dpeg_slime_entry_enclosed, uniq_urug,
          uniq_rupert

Skill      XL: |  1  2  3  4  5  6  7  8  9 10 11 12 13 14 |
---------------+-------------------------------------------+-----
Axes           | 4 5 6 7 9 10 12 14 16 18 20 | 20.0
Fighting       | 4 5 6 7 9 10 12 13 15 16 | 16.7
Armour         | 3 4 6 7 9 10 12 13 15 16 | 16.5
Dodging        | |  2.1

Action                     |  1- 3 |  4- 6 |  7- 9 | 10-12 | 13-15 || total
---------------------------+-------+-------+-------+-------+-------++-------
  Melee: Hand axe          |    72 |   153 |   198 |    82 |       ||   505
         Headbutt          |    13 |    25 |    28 |   108 |    80 ||   254
         Punch             |       |     2 |       |     3 |     4 ||     9
         Battleaxe         |       |       |       |    88 |    93 ||   181
         War axe           |       |       |       |   304 |   306 ||   610
  Throw: Dart              |       |       |       |     7 |     3 ||    10
 Invoke: Berserk           |       |     1 |     5 |     1 |     4 ||    11
         Trog's Hand       |       |       |       |     3 |     1 ||     4
    Use: Potion            |     1 |     7 |     4 |     6 |       ||    18
         Scroll            |     1 |     3 |     5 |     2 |     3 ||    14
   Stab: Paralysed         |       |       |     1 |       |       ||     1
 Armour: Animal skin       |     2 |       |       |       |       ||     2
         Chain mail        |    30 |    46 |       |       |       ||    76
         Ring mail         |       |    24 |    91 |   105 |       ||   220
         Plate armour      |       |       |       |   123 |   207 ||   330
  Dodge: Dodged            |    30 |    55 |   148 |   256 |   243 ||   732
         Repelled          |       |       |       |       |     1 ||     1
